 Dungeon Crawl Stone Soup version 0.20-a0-463-g5747544 (console) character file.

6454 nht the Fencer (level 10, -3/70 HPs)
             Began as a Vampire Berserker on Jan 10, 2017.
             Was an Elder of Trog.
             Killed from afar by an electric eel (9 damage)
             ... with a bolt of electricity
             ... on level 8 of the Dungeon.
             The game lasted 00:18:16 (5900 turns).

nht the Fencer (Vampire Berserker)                  Turns: 5900, Time: 00:18:17

Health: -3/70      AC:  7    Str: 17    XL:     10   Next: 67%
Magic:  10/10      EV: 14    Int: 11    God:    Trog [****..]
Gold:   439        SH:  0    Dex: 15    Spells: 9/9 levels left

rFire  . . .     SeeInvis +     a - +2 rapier (elec)
rCold  . . .     Gourm    .     b - +0 animal skin
rNeg   . . .     Faith    .     (no shield)
rPois  +         Spirit   .     (no helmet)
rElec  .         Reflect  .     D - +2 cloak {rPois}
rCorr  .         Harm     .     (no gloves)
MR     +....                    r - +1 pair of boots
Stlth  +.........               m - amulet of rage
                                (no ring)
                                o - ring of see invisible

@: regenerating quickly
A: fangs 3, see invisible, unbreathing
a: Berserk, Trog's Hand, Brothers in Arms, Burn Spellbooks, Renounce Religion,
Evoke Berserk Rage


You were on level 8 of the Dungeon.
You worshipped Trog.
Trog was greatly pleased with you.
You were very full.

You visited 1 branch of the dungeon, and saw 8 of its levels.
You also visited: Bailey.

You collected 439 gold pieces.

Inventory:

Hand Weapons
 a - a +2 rapier of electrocution (weapon)
 p - a +0 blowgun
 G - a +4 great sword of freezing
 H - a +1 falchion
Missiles
 k - 3 needles of sleeping
 n - 9 tomahawks (quivered)
 u - 41 poisoned needles
 F - 29 sling bullets
Armour
 b - a +0 animal skin (worn)
 r - a +1 pair of boots (worn)
 z - a +0 crystal plate armour
 C - a +2 robe of positive energy
 D - a +2 cloak of poison resistance (worn)
Jewellery
 m - an amulet of rage (around neck)
 o - a ring of see invisible (left hand)
Wands
 q - a wand of disintegration (10/24)
 t - a wand of iceblast (0/15)
 w - a wand of digging (21/24)
 y - a wand of polymorph (2/24)
Scrolls
 f - 2 scrolls of enchant armour
 h - a scroll of fog
 i - 3 scrolls of blinking
 x - a scroll of summoning
 A - 5 scrolls of enchant weapon
 E - 2 scrolls of remove curse
Potions
 c - 35 potions of blood
 d - 2 potions of haste
 e - a potion of invisibility
 g - a potion of might
 j - 4 potions of curing
 l - 3 potions of heal wounds
 s - a potion of cure mutation
 v - 3 potions of berserk rage
 B - a potion of flight
 I - 2 potions of lignification
 J - a potion of resistance {unknown}


   Skills:
 + Level 3.4 Fighting
 + Level 15.3 Long Blades
 - Level 1.5 Armour
 + Level 3.4 Dodging


You had 9 spell levels left.
You didn't know any spells.

Dungeon Overview and Level Annotations

Branches:
Dungeon (8/15)             Temple (0/1) D:4
   Lair: D:8-11

Altars:
Cheibriados
Gozag
Makhleb
Ru
Sif Muna
Uskayaw
Vehumet


Innate Abilities, Weirdness & Mutations

Your natural rate of healing is unusually fast.
You have razor-sharp teeth.
You have supernaturally acute eyesight. (SInv)
You can survive without breathing.


Message History

The bolt of electricity hits you!
The electric eel shoots out a bolt of lightning at you!
The bolt of electricity misses you.
The electric eel shoots out a bolt of lightning at you!
The bolt of electricity hits you!
The electric eel shoots out a bolt of lightning at you!
The bolt of electricity hits you!
An electric eel comes into view.
The electric eel shoots out a bolt of lightning at you!
The bolt of electricity hits you!
The electric eel shoots out a bolt of lightning at you!
The bolt of electricity hits you!
* * * LOW HITPOINT WARNING * * *
You open the door.
The electric eel shoots out a bolt of lightning at you!
The bolt of electricity hits you!
* * * LOW HITPOINT WARNING * * *
The electric eel shoots out a bolt of lightning at you!
The bolt of electricity hits you!
You die...

*,*█** ██.....██ █......,
*,██.** ██.......██ ██.█.█.█*
█.█...████.........████....█.██
█......<.'.........[..)........
█.█...████.........████)..█..██
*,██.** ██.......██ ██.██.██
*,,█** ██.....██ ████.█ **,*
██...██ █.█ *,*


██@██ █.█ *,* █.█ ███ █.█ *,* █.█ ██.███████.█ *,* ██.███..........█ *,*
███...█..(..███████ *,* █............██ *,* █.█..≈♣≈P≈≈♣÷≈███
*,*******█♣♣;♣;≈≈♣♣♣♣♣≈≈≈♣ ███ *,,,,,,,≈≈*♣≈≈≈≈P≈P≈≈≈≈♣P♣♣♣≈█ You could see 2
electric eels.

Vanquished Creatures
  Pikel (D:6)
  2 orc knights (Bailey)
  A troll (D:8)
  A hippogriff (D:7)
  3 hogs (D:7)
  Eustachio (D:6)
  A human (D:7)
  Menkaure (D:7)
  A swamp drake (D:8)
  5 orc warriors
  An ice beast (D:7)
  4 phantoms
  3 ogres
  A big kobold (D:7)
  2 bullfrogs
  A wyvern skeleton (D:7)
  A killer bee (D:8)
  8 wights
  An electric eel (D:8)
  A howler monkey (D:5)
  2 bullfrog zombies
  3 crimson imps
  5 orc priests
  2 hounds
  2 iguanas
  5 orc wizards
  3 worker ants
  7 adders
  An adder skeleton (D:5)
  3 worms
  3 leopard geckos
  28 orcs
  7 bats
  8 giant cockroaches
  9 goblins
  6 hobgoblins
  15 jackals
  12 kobolds
  2 quokkas
  A ball python skeleton (D:4)
  9 frilled lizards
  A jackal skeleton (D:5)
  2 leopard gecko skeletons
  2 quokka skeletons (D:4)
  11 rats
189 creatures vanquished.

Vanquished Creatures (collateral kills)
  The ghost of Uhlv the Spear-Bearer, a novice MfSk of Okawaru (Bailey)
  3 orc knights (Bailey)
  A hog (D:7)
  2 orc warriors (Bailey)
  11 orcs (Bailey)
  A kobold (D:7)
19 creatures vanquished.

Grand Total: 208 creatures vanquished

Notes
Turn   | Place    | Note
-------+----------+-------------------------------------------
     0 | D:1      | nht the Vampire Berserker began the quest for the Orb.
     0 | D:1      | Reached XP level 1. HP: 17/17 MP: 1/1
    93 | D:1      | Reached XP level 2. HP: 18/23 MP: 2/2
   512 | D:1      | Reached skill level 4 in Long Blades
   847 | D:2      | Reached ** piety under Trog
   847 | D:2      | Reached XP level 3. HP: 21/28 MP: 3/3
   956 | D:2      | Found a hide-covered altar of Uskayaw.
  1206 | D:2      | Found a radiant altar of Vehumet.
  1504 | D:3      | Reached skill level 5 in Long Blades
  1504 | D:3      | Reached XP level 4. HP: 31/34 MP: 4/4
  2156 | D:4      | Found a staircase to the Ecumenical Temple.
  2161 | D:4      | Noticed a phantom
  2172 | D:4      | Killed a phantom
  2172 | D:4      | Reached skill level 6 in Long Blades
  2172 | D:4      | Reached XP level 5. HP: 39/39 MP: 5/5
  2223 | D:4      | Found a snail-covered altar of Cheibriados.
  2224 | D:4      | Noticed a phantom
  2230 | D:4      | Found a sacrificial altar of Ru.
  2243 | D:4      | Killed a phantom
  2243 | D:4      | Reached skill level 7 in Long Blades
  2243 | D:4      | Reached XP level 6. HP: 31/46 MP: 6/6
  2572 | D:5      | Entered Level 5 of the Dungeon
  2589 | D:5      | Reached *** piety under Trog
  2696 | D:5      | Reached skill level 8 in Long Blades
  2696 | D:5      | Reached XP level 7. HP: 51/51 MP: 7/7
  2869 | D:5      | Found an opulent altar of Gozag.
  3060 | D:6      | Reached skill level 9 in Long Blades
  3156 | D:6      | Noticed Pikel
  3157 | D:6      | Noticed Eustachio
  3166 | D:6      | Killed Pikel
  3166 | D:6      | Reached skill level 10 in Long Blades
  3166 | D:6      | Reached XP level 8. HP: 57/57 MP: 8/8
  3172 | D:6      | Killed Eustachio
  3172 | D:6      | Reached skill level 11 in Long Blades
  3666 | D:6      | Reached **** piety under Trog
  4035 | D:7      | Noticed Menkaure
  4038 | D:7      | Found a deep blue altar of Sif Muna.
  4041 | D:7      | Killed Menkaure
  4041 | D:7      | Reached skill level 12 in Long Blades
  4041 | D:7      | Reached XP level 9. HP: 39/62 MP: 9/9
  4155 | D:7      | Reached skill level 13 in Long Blades
  4783 | D:8      | Found a flagged portal.
  4797 | Bailey   | Entered a bailey
  4798 | Bailey   | Noticed Uhlv's ghost (novice MfSk)
  4822 | Bailey   | Killed Uhlv's ghost
  4860 | Bailey   | Reached skill level 14 in Long Blades
  4865 | Bailey   | Reached XP level 10. HP: 16/68 MP: 10/10
  4995 | Bailey   | Noticed an orc knight
  5047 | Bailey   | Noticed an orc knight
  5065 | Bailey   | Killed an orc knight
  5159 | Bailey   | Noticed an orc knight
  5163 | Bailey   | Noticed an orc knight
  5199 | Bailey   | Killed an orc knight
  5222 | Bailey   | Noticed an orc knight
  5244 | Bailey   | Killed an orc knight
  5290 | Bailey   | Killed an orc knight
  5343 | Bailey   | Killed an orc knight
  5343 | Bailey   | Reached skill level 15 in Long Blades
  5607 | D:8      | Found a burning altar of Makhleb.
  5900 | D:8      | Killed from afar by an electric eel

Vault maps used:
D:1:      minmay_arrival_semitransparent
D:2:      overflow_temple_1_default, nicolae_overflow_hidden_temple,
          grunt_decor_one_mirror
D:3:      first_bread, kennysheep_generic_room_10
D:4:      cheibriados_altar_1, nicolae_ru_awakened_eye
D:5:      nicolae_overflow_crystal_walls
D:6:      small_statue_intersection, uniq_pikel, uniq_eustachio
D:7:      lemuel_coloured_pillars_altar, grunt_livestock, uniq_menkaure
D:8:      makhleb_grotto_becter, lemuel_crystal_altar, enter_bailey_3,
          eino_small_chamber_without_monster, serial_bayou_lake_a
Bailey:   bailey_polearm_5, bailey

Skill      XL: |  1  2  3  4  5  6  7  8  9 10 |
---------------+-------------------------------+-----
Long Blades    | 4 5 6 7 8 10 12 14 15 | 15.3
Fighting       | 3 |  3.4
Dodging        | 3 |  3.4
Armour         | |  1.5

Action                   |  1- 3 |  4- 6 |  7- 9 | 10-12 || total
-------------------------+-------+-------+-------+-------++-------
Melee: Falchion          |   100 |   137 |   100 |       ||   337
       Bite              |    12 |    14 |    25 |    13 ||    64
       Rapier            |       |       |   117 |    90 ||   207
Invok: Berserk           |     1 |     5 |     5 |     3 ||    14
       Brothers in Arms  |       |       |     3 |     2 ||     5
       Trog's Hand       |       |       |     1 |     3 ||     4
Evoke: Wand              |       |       |     4 |    14 ||    18
  Use: Potion            |    13 |     8 |    26 |     6 ||    53
       Scroll            |     9 |     7 |     4 |     2 ||    22
 Stab: Distracted        |     1 |       |       |       ||     1
       Sleeping          |     1 |     1 |     1 |       ||     3
       Invisible         |       |       |     4 |     4 ||     8
  Eat: Corpse            |       |       |     6 |     6 ||    12
Armor: Animal skin       |    12 |    23 |    41 |     9 ||    85
       Skin              |       |       |    10 |       ||    10
Dodge: Dodged            |    84 |    93 |   112 |    49 ||   338
       Rpst.: Falchion   |    31 |    30 |    16 |       ||    77
